AoeStats
← Bandolero

Black Forest

510309867Analyzed
4v4 RM · 1d ago on Sep 30, 2026· 53m 31s· 8 players
Game mode
Random Map
Map size
Large (8 player)
Population
200
Speed
Normal
Resources
Standard
Victory
Conquest
Starting age
Dark Age
Ending age
Imperial Age
RankedLock teamsTeams togetherTeam positionsShared explorationLock speedFull tech treeHidden civsTurbo modeCheats
Victory
Defeat
🇦🇷 Italians · Argentina
1599
+12
🇳🇱 Mongols · Netherlands
1528
+15
🇨🇳 Bohemians · China
1476
+17
🇨🇦 Turks · Canada
1466
+17
🇹🇼 Italians · Taiwan
1523
-16
🇨🇳 Mongols · China
1509
-16
🇹🇼 Teutons · Taiwan
1492
-15
🇹🇼 Wei · Taiwan
1461
-14
不疾不徐
0:40 Loom
11:47 Feudal Age
15:36 Castle Age
13:36 Double-Bit Axe
13:31 Horse Collar
16:27 Bow Saw
16:40 Heavy Plow
30:17 Imperial Age
29:00 Fletching
29:11 Padded Archer Armor
29:47 Bodkin Arrow
32:20 Chemistry
31:02 Treadmill Crane
32:02 Conscription
31:44 Bracer
31:59 Leather Archer Armor
32:05 Ballistics
33:56 Ring Archer Armor
33:42 Elite Skirmisher
41:03 Town Watch
41:10 Guard Tower
41:06 Arrowslits
46:24 Pirotechnia
46:58 Caravan
47:55 Thumb Ring
54:16 Keep
鵝鑾鼻
10:53 Feudal Age
14:41 Castle Age
13:02 Double-Bit Axe
13:01 Horse Collar
16:05 Bow Saw
16:33 Heavy Plow
22:40 Wheelbarrow
21:51 Loom
23:44 Scale Barding Armor
28:11 Imperial Age
25:56 Forging
26:01 Husbandry
26:12 Bloodlines
27:46 Chain Barding Armor
28:02 Iron Casting
28:19 Heavy Hei Guang Cavalry
32:36 Blast Furnace
32:20 Ming Guang Armor
31:58 Tuntian
32:19 Conscription
34:50 Ballistics
40:30 Light Cavalry
41:37 Fletching
41:40 Hussar
53:15 Chemistry
52:27 Masonry
第一滴血
9:49 Feudal Age
10:40 Double-Bit Axe
10:39 Horse Collar
13:14 Castle Age
13:43 Wheelbarrow
14:26 Bow Saw
15:16 Heavy Plow
22:30 Hand Cart
26:54 Imperial Age
25:36 Fletching
26:13 Gold Mining
26:14 Stone Mining
26:26 Bodkin Arrow
27:44 Bloodlines
27:34 Husbandry
27:40 Thumb Ring
27:44 Bracer
27:34 Loom
27:34 Town Watch
29:07 Ballistics
29:48 Chemistry
29:26 Gold Shaft Mining
29:27 Stone Shaft Mining
29:31 Conscription
29:46 Padded Archer Armor
30:12 Parthian Tactics
30:52 Elite Mangudai
32:28 Leather Archer Armor
32:39 Onager
38:25 Capped Ram
42:21 Town Patrol
42:25 Caravan
43:26 Scale Barding Armor
43:32 Forging
42:55 Light Cavalry
43:30 Siege Ram
45:24 Chain Barding Armor
46:21 Drill
46:22 Hussar
49:53 Iron Casting
51:59 Siege Onager
53:01 Siege Engineers
戒賭胖
0:53 Loom
15:58 Feudal Age
17:16 Horse Collar
19:09 Fletching
23:34 Castle Age
22:09 Double-Bit Axe
24:10 Bodkin Arrow
30:11 Bow Saw
31:15 Heavy Plow
32:04 Guard Tower
33:55 Redemption
34:49 Sanctity
41:46 Imperial Age
40:45 Padded Archer Armor
41:43 Ballistics
41:45 Leather Archer Armor
43:12 Ring Archer Armor
43:45 Chemistry
42:08 Elite Skirmisher
AlzzStriker
11:14 Feudal Age
11:42 Loom
12:48 Double-Bit Axe
12:44 Horse Collar
15:43 Castle Age
16:41 Heavy Plow
21:56 Bow Saw
25:09 Wheelbarrow
24:55 Gold Mining
24:58 Stone Mining
28:03 Hand Cart
31:10 Imperial Age
29:28 Treadmill Crane
29:43 Fletching
29:53 Padded Archer Armor
30:00 Scale Barding Armor
29:45 Town Watch
30:24 Ballistics
30:14 Masonry
30:27 Bodkin Arrow
31:19 Caravan
31:50 Coinage
31:54 Artillery
32:15 Conscription
32:42 Hoardings
32:58 Architecture
32:52 Leather Archer Armor
34:47 Banking
33:43 Elite Janissary
38:43 Fortified Wall
40:07 Bloodlines
39:57 Husbandry
40:36 Ring Archer Armor
42:27 Chain Barding Armor
42:49 Bracer
47:04 Plate Barding Armor
46:40 Forging
52:15 Gold Shaft Mining
Tiekel
0:57 Loom
14:21 Feudal Age
15:43 Double-Bit Axe
18:09 Town Watch
21:12 Castle Age
19:06 Stone Mining
21:07 Gold Mining
22:33 Bow Saw
26:12 Horse Collar
31:42 Heavy Plow
34:49 Fletching
35:28 Bodkin Arrow
41:40 Imperial Age
39:46 Wheelbarrow
39:55 Padded Archer Armor
40:09 Caravan
40:59 Ballistics
40:54 Leather Archer Armor
42:20 Hand Cart
42:26 Bracer
43:27 Chemistry
42:50 Conscription
42:51 Masonry
42:10 Elite Mangudai
43:06 Husbandry
43:17 Bloodlines
43:15 Thumb Ring
45:54 Hoardings
46:06 Parthian Tactics
45:34 Light Cavalry
46:20 Scale Barding Armor
47:29 Chain Barding Armor
47:20 Forging
46:34 Hussar
50:16 Iron Casting
49:47 Siege Engineers
49:57 Elite Steppe Lancer
50:10 Heavy Camel Rider
52:43 Blast Furnace
52:24 Cavalier
Bandolero
0:56 Loom
12:41 Feudal Age
17:01 Castle Age
14:51 Double-Bit Axe
16:07 Fletching
18:14 Bodkin Arrow
18:51 Padded Archer Armor
28:20 Bow Saw
29:06 Wheelbarrow
31:17 Masonry
34:46 Imperial Age
32:35 Hand Cart
32:50 Ballistics
33:41 Leather Archer Armor
36:35 Chemistry
37:48 Conscription
39:37 Scale Mail Armor
39:48 Forging
39:38 Bracer
44:24 Ring Archer Armor
44:49 Chain Mail Armor
45:23 Squires
46:53 Plate Mail Armor
48:51 Iron Casting
51:11 Caravan
53:42 Blast Furnace
骑人机的骑士
10:32 Feudal Age
14:31 Castle Age
12:47 Double-Bit Axe
14:15 Horse Collar
15:51 Bow Saw
16:32 Heavy Plow
20:20 Fervor
27:07 Imperial Age
25:35 Forging
25:25 Scale Mail Armor
26:31 Chemistry
27:31 Wheelbarrow
26:41 Loom
27:36 Iron Casting
27:17 Chain Mail Armor
27:32 Squires
26:53 Pikeman
27:18 Arson
29:39 Blast Furnace
30:14 Coinage
30:17 Halberdier
31:28 Plate Mail Armor
32:54 Conscription
33:21 Houfnice
35:41 Banking
36:45 Siege Engineers
38:12 Caravan
Connection lost

Rejoining the realm…

Still unreachable

The connection could not be restored.

Session expired

The server has moved on; the page needs a fresh start.